 Dungeon Crawl Stone Soup version 0.22-a0-305-gd21a89c (webtiles) character file.

187 Amnesiac the Digger (level 5, -3/37 (38) HPs)
             Began as a Ghoul Earth Elementalist on Mar 29, 2018.
             Slain by a hound (5 damage)
             ... on level 4 of the Dungeon.
             The game lasted 00:02:58 (1903 turns).

Amnesiac the Digger (Ghoul Earth Elementalist)      Turns: 1903, Time: 00:02:58

HP:   -3/37 (38)    AC:  2    Str: 12    XL:     5   Next: 66%
MP:   10/17         EV: 12    Int: 11    God:
Gold: 53            SH:  0    Dex:  9    Spells: 8/9 levels left

rFire    . . .     SeeInvis .   (no weapon)
rCold    + . .     Gourm    .   (no shield)
rNeg     + + +     Faith    .   c - +0 robe
rPois    ∞         Spirit   .   (no helmet)
rElec    .         Reflect  .   (no cloak)
rCorr    .         Harm     .   (no gloves)
MR       .....                  (no boots)
Stlth    ++........             (no amulet)
HPRegen  0.00/turn              i - ring of magical power
MPRegen  0.15/turn              (no ring)

@: rotting
A: rotting body, claws 1, carnivore, cold resistance 1, negative energy
resistance 3, inhibited regeneration, torment resistance, unbreathing
a: no special abilities


You were on level 4 of the Dungeon.
You were not hungry.

You visited 1 branch of the dungeon, and saw 4 of its levels.

You collected 53 gold pieces.

Inventory:

Missiles
 b - 36 stones (quivered)
Armour
 c - a +0 robe (worn)
Jewellery
 i - a ring of magical power (left claw)
Scrolls
 a - a scroll of teleportation {!r, unknown}
 e - a scroll of noise {!r, unknown}
 g - a scroll of remove curse {!r, unknown}
Potions
 f - a potion of haste {!q, unknown}
 h - 3 potions of lignification {!q, unknown}
Comestibles
 d - 4 rations


   Skills:
 - Level 1.7 Dodging
 + Level 3.8 Stealth
 + Level 2.7 Spellcasting
   Level 0.8 Transmutations
 * Level 5.3 Earth Magic


You had 8 spell levels left.
You knew the following spells:

 Your Spells              Type           Power        Failure   Level  Hunger
a - Sandblast             Erth           ##....       3%          1    #......


Dungeon Overview and Level Annotations

Branches:
Dungeon (4/15)
 Temple: D:4-7

Altars:


Innate Abilities, Weirdness & Mutations

Your body is rotting away.
You thrive on raw meat.
You are immune to poison.
You have sharp fingernails.
You are carnivorous and can eat meat at any time.
Your flesh is cold resistant. (rC+)
You are immune to negative energy. (rN+++)
You do not regenerate when monsters are visible.
You are immune to unholy pain and torment.
You can survive without breathing.


Message History

Press: ? - help, Shift-Dir - straight line, f/p - scorpion
Aim: a scorpion (almost dead)
The blast of sand hits the scorpion.
You kill the scorpion!
b - 41 stones You start resting.
You hear the rusting of a very distant drain.
You hear the slow hiss of an avalanche of sand nearby.
A hound comes into view.
The hound barks!
The worker ant twitches its antennae in your direction.
There are monsters nearby!
The hound bites you.
* * * LOW HITPOINT WARNING * * *
The hound barely misses you.
Casting: Sandblast (safe; 3% risk of failure)
Confirm with . or Enter, or press ? or * to list all spells.
Aiming: Sandblast (safe; 3% risk of failure)
Press: ? - help, Shift-Dir - straight line, f - hound
Aim: a hound The blast of sand hits the hound.
The hound is moderately wounded.
b - 40 stones The hound bites you.
* * * LOW HITPOINT WARNING * * *
The hound barely misses you.
Casting: Sandblast (safe; 3% risk of failure)
Confirm with . or Enter, or press ? or * to list all spells.
Aiming: Sandblast (safe; 3% risk of failure)
Press: ? - help, Shift-Dir - straight line, f/p - hound
Aim: a hound (moderately wounded)
The blast of sand misses the hound.
b - 39 stones The hound closely misses you.
Casting: Sandblast (safe; 3% risk of failure)
Confirm with . or Enter, or press ? or * to list all spells.
Aiming: Sandblast (safe; 3% risk of failure)
Press: ? - help, Shift-Dir - straight line, f/p - hound
Aim: a hound (moderately wounded)
The blast of sand hits the hound.
The hound is moderately wounded.
b - 38 stones The hound barely misses you. x2
Casting: Sandblast (safe; 3% risk of failure)
Confirm with . or Enter, or press ? or * to list all spells.
Aiming: Sandblast (safe; 3% risk of failure)
Press: ? - help, Shift-Dir - straight line, f/p - hound
Aim: a hound (moderately wounded)
The blast of sand hits the hound.
The hound is almost dead.
b - 37 stones The hound closely misses you.
Casting: Sandblast (safe; 3% risk of failure)
Confirm with . or Enter, or press ? or * to list all spells.
Aiming: Sandblast (safe; 3% risk of failure)
Press: ? - help, Shift-Dir - straight line, f/p - hound
Aim: a hound (almost dead)
The blast of sand hits the hound.
The hound is almost dead.
b - 36 stones The hound bites you.
* * * LOW HITPOINT WARNING * * *
The hound bites you.
You die...

#.. ≈a........ #..
≈≈........ #.#
≈≈≈........
#.###$≈≈a.######.#
#........# #.#
#.###...## #.# #a#
## #.# #h# #.# #@#
#.# #.# #.# #.#
#.# #.# #.# #.#
#.. #.# #.#
#.################
#.................
##################


You could see a hound and a worker ant.

Vanquished Creatures
  A phantom (D:4)
  A scorpion (D:4)
  3 dart slugs
  A leopard gecko (D:1)
  6 goblins
  6 hobgoblins
  6 jackals (D:1)
  2 quokkas (D:2)
  2 bats (D:1)
  A frilled lizard (D:1)
  5 kobolds
  2 rats (D:1)
36 creatures vanquished.

Notes
Turn   | Place    | Note
-------+----------+-------------------------------------------
     0 | D:1      | Amnesiac the Ghoul Earth Elementalist began the quest for the Orb.
     0 | D:1      | Reached XP level 1. HP: 14/14 MP: 2/2
   407 | D:1      | Reached XP level 2. HP: 13/19 MP: 3/3
   839 | D:1      | Reached skill level 4 in Earth Magic
   839 | D:1      | Reached XP level 3. HP: 12/26 MP: 5/5
  1398 | D:1      | You fall through a shaft!
  1683 | D:4      | Noticed a phantom
  1707 | D:4      | HP: 1/25 [phantom (10)]
  1740 | D:4      | Killed a phantom
  1740 | D:4      | Reached skill level 5 in Earth Magic
  1740 | D:4      | Reached XP level 4. HP: 2/32 MP: 1/6
  1740 | D:4      | Reached XP level 5. HP: 3/37 MP: 1/7
  1903 | D:4      | Slain by a hound

Vault maps used:
D:1:      dpeg_arrival_connections, corexii_leaking_fountain
D:2:      marbit_many_paths, chequers_ecumenical_altar_simple_redux
D:3:      guppyfry_early_lair_pool, uniq_jessica, uniq_robin
D:4:      kb_forest_paths, kennysheep_slug_shrine, enter_ossuary_2,
          portal_sewer_entry_b, first_ration, serial_shops,
          kennysheep_little_box, uniq_edmund, uniq_grinder

Skill      XL: |  1  2  3 |
---------------+----------+-----
Spellcasting   | 2 |  2.7
Earth Magic    | 4 5 |  5.3
Stealth        | 3 |  3.8
Dodging        | |  1.7
Transmutations | |  0.8

Action                   |  1- 3 |  4- 6 || total
-------------------------+-------+-------++-------
Melee: Unarmed           |   169 |       ||   169
 Cast: Sandblast         |    26 |    17 ||    43
 Stab: Sleeping          |     3 |       ||     3
  Eat: Chunk             |     9 |       ||     9
Armor: Robe              |    27 |       ||    27
Dodge: Dodged            |   123 |    11 ||   134

Table legend:
 A = Spawn XP
 B = Non-spawn XP
 C = Spawn XP percentage of total XP
 D = Spawn monster count
 E = Non-spawn monster count
 F = Spawn count percentage of total count
 G = Total turns spent on level
                    A         B        C        D         E        F      G
               +---------+---------+-------+---------+---------+-------+---------
         Total |       0 |     268 |   0.0 |       0 |      36 |   0.0 |  1903
               +---------+---------+-------+---------+---------+-------+---------
           D:1 |       0 |      51 |   0.0 |       0 |      26 |   0.0 |  1398
           D:2 |       0 |       8 |   0.0 |       0 |       4 |   0.0 |   205
           D:3 |       0 |      10 |   0.0 |       0 |       4 |   0.0 |    77
           D:4 |       0 |     199 |   0.0 |       0 |       2 |   0.0 |   223
               +---------+---------+-------+---------+---------+-------+---------
